 Dungeon Crawl Stone Soup version 0.30.0-10-gfe55d96785 (webtiles) character file.

Game seed: 5655508630490738591

2395 RKaid the Fighter (level 9, -11/129 HPs)
             Began as a Purple Draconian Wanderer on May 15, 2023.
             Was a Priest of Trog.
             Mangled by a vault guard
             ... wielding a +0 broad axe
              (23 damage)
             ... in a bailey.
             The game lasted 00:17:13 (6300 turns).

RKaid the Fighter (Purple Draconian Wanderer)       Turns: 6300, Time: 00:17:14

Health: -11/129    AC:  8    Str: 22    XL:     9   Next: 22%
Magic:  18/18      EV: 19    Int: 10    God:    Trog [***...]
Gold:   287        SH:  0    Dex: 10    Spells: 8/8 levels left

rFire   . . .        a - +3 quarterstaff
rCold   . . .        (shield currently unavailable)
rNeg    . . .        (body armour unavailable)
rPois   .            (helmet restricted)
rElec   .            (no cloak)
rCorr   .            j - +0 pair of gloves
SInv    .            (no boots)
Will    +....        (no amulet) Stlth
                     k - ring of magical power {MP+9}
HPRegen 0.41/turn    p - +5 ring of evasion
MPRegen 0.16/turn

%: no passive effects
@: berserking (expiring), hasted, very quick
A: breathe power, AC +7, unfitting armour, cold-blooded
a: Breathe Dispelling Energy, Renounce Religion, Berserk, Trog's Hand


You were in a bailey.
You worshipped Trog.
Trog was most pleased with you.
You visited 1 branch of the dungeon, and saw 7 of its levels.
You also visited: Bailey.

You collected 287 gold pieces.

Inventory:

Hand Weapons
 a - a +3 quarterstaff (weapon)
 b - a +0 hand axe
 n - the +5 short sword of Qonejix {flame, rN+ MP+9}
   (You found it on level 6 of the Dungeon)

   rN:        It protects you from negative energy.
   MP:        It affects your magic capacity (+9).
Missiles
 h - a throwing net {=f}
Armour
 j - a +0 pair of gloves (worn)
   (You found it on level 5 of the Dungeon)
Jewellery
 k - a ring of magical power (left hand) {MP+9}
   (You found it on level 3 of the Dungeon)
 p - a +5 ring of evasion (right hand)
   (You took it off a kobold on level 6 of the Dungeon)
Wands
 f - a wand of iceblast (3)
   (You found it on level 5 of the Dungeon)
 m - a wand of polymorph (4)
   (You found it on level 5 of the Dungeon)
 D - a wand of digging (3)
   (You found it on level 3 of the Dungeon)
Scrolls
 e - 2 scrolls of immolation {!r}
 t - 2 scrolls of teleportation
Potions
 c - a potion of lignification {!q}
 d - 3 potions of haste
 g - 2 potions of resistance
 l - a potion of mutation {!q!q}
 o - a potion of ambrosia
 r - a potion of invisibility {unknown}
 s - 2 potions of curing {unknown}


   Skills:
 + Level 10.6 Fighting
 - Level 1.0 Axes
 - Level 2.0 Staves
 - Level 1.0 Throwing
 + Level 8.1 Dodging
 - Level 1.0 Stealth


You had 8 spell levels left.
You didn't know any spells.
Your spell library was empty.

Dungeon Overview and Level Annotations

Branches:
Dungeon (7/15)             Temple (0/1) D:6          Bailey (1/1)

Altars:
Ashenzari
Elyvilon
Okawaru
Ru
Trog
Wu Jian
Yredelemnul

Annotations:
Bailey Prince Ribbit


Innate Abilities, Weirdness & Mutations

You can breathe bolts of dispelling energy.
Your rich purple scales are hard. (AC +7)
You cannot fit into any form of body armour.
You are cold-blooded and may be slowed by cold attacks.


Message History

The bullfrog hits you but does no damage.
The bullfrog barely misses you. The bullfrog attacks as you move away!
The bullfrog barely misses you. The bullfrog misses you.
Prince Ribbit closely misses you. The bullfrog barely misses you.
You barely miss Prince Ribbit.
The bullfrog hits you but does no damage.
The bullfrog barely misses you.
Prince Ribbit blinks!
The bullfrog hits you.
The bullfrog hits you but does no damage.
The bullfrog closely misses you. The bullfrog completely misses you.
The bullfrog closely misses you. The bullfrog attacks as you move away!
The bullfrog barely misses you.
You sock the bullfrog! The bullfrog misses you.
The bullfrog closely misses you.
The bullfrog hits you but does no damage.
The bullfrog misses you.
You sock the bullfrog! The bullfrog barely misses you. The bullfrog misses you.
The bullfrog barely misses you.
You hit the bullfrog but do no damage.
You tail-slap the bullfrog, but do no damage.
The bullfrog hits you. The bullfrog closely misses you.
The bullfrog hits you but does no damage.
You barely miss the bullfrog.
Your tail-slap misses the bullfrog.
The bullfrog hits you.
The bullfrog hits you but does no damage.
The orc warrior hits you with a +0 hand axe.
The bullfrog closely misses you.
You hit the vault guard.
You tail-slap the vault guard, but do no damage.
The bullfrog barely misses you. The orc warrior closely misses you.
The bullfrog closely misses you.
The orc warrior hits you with a +0 hand axe!
The bullfrog swells and bulges.
The vault guard attacks as you move away!
The vault guard hits you with a +0 broad axe!
Okay, then.
Press: ? - help, v - describe, . - travel
Here: Prince Ribbit (lightly wounded)
The floor.
Aiming: Iceblast
Press: ? - help, Shift-Dir - straight line
Okay, then.
Unknown command.
The orc warrior attacks as you move away!
The orc warrior hits you with a +0 hand axe.
The bullfrog attacks as you move away! The bullfrog misses you.
The bullfrog snags a nearby fly with its tongue.
The bullfrog hits you.
The orc warrior attacks as you move away!
The orc warrior misses you. The bullfrog attacks as you move away!
The bullfrog hits you.
You sock the bullfrog!
You kill the bullfrog!
Trog accepts your kill. Prince Ribbit closely misses you.
Okay, then.
You feel yourself speed up.
Prince Ribbit blinks!
The orc warrior closely misses you.
You hit the orc warrior.
Your tail-slap misses the orc warrior.
The bullfrog misses you.
The orc warrior hits you with a +0 hand axe.
You hit the orc warrior. You closely miss the orc warrior.
Prince Ribbit hits you! The orc warrior misses you.
You closely miss Prince Ribbit. Prince Ribbit completely misses you.
The orc warrior closely misses you. The vault guard closely misses you.
A red film seems to cover your vision as you go berserk!
You feel yourself moving faster!
You feel mighty!
The bullfrog releases a deep croak.
Prince Ribbit blinks!
You sock Prince Ribbit! You tail-slap Prince Ribbit. The bullfrog hits you.
The orc warrior completely misses you. Prince Ribbit hits you.
The vault guard hits you with a +0 broad axe!
The bullfrog hits you.
* * * LOW HITPOINT WARNING * * *
You hit the orc warrior. Prince Ribbit barely misses you.
The orc warrior hits you with a +0 hand axe!
* * * LOW HITPOINT WARNING * * *
The vault guard misses you. The bullfrog hits you.
* * * LOW HITPOINT WARNING * * *
You closely miss Prince Ribbit.
Prince Ribbit blinks!
The orc warrior completely misses you.
The bullfrog hits you but does no damage.
The vault guard closely misses you.
You hit the orc warrior. You tail-slap the orc warrior.
The bullfrog hits you but does no damage.
The orc warrior completely misses you. The vault guard misses you.
You barely miss the bullfrog.
The bullfrog hits you but does no damage.
Prince Ribbit hits you but does no damage.
The orc warrior misses you.
You barely miss Prince Ribbit.
The bullfrog hits you but does no damage.
The vault guard hits you with a +0 broad axe!
* * * LOW HITPOINT WARNING * * *
Prince Ribbit hits you but does no damage.
The bullfrog misses you.
You barely miss Prince Ribbit. The orc warrior completely misses you.
The vault guard hits you with a +0 broad axe!!
You die...

#~~~~~#
#####~~~~~+
##...##~~~~#
#..∩..÷~~~##
#....)###### ≈≈≈
#..∩..')...#+#
~~~
##..)##).....#
~~~~
#####FF.....#
≈~~~~
#go@#######≈~..~
#.p##..#≈≈≈~.~.~
#.F.#..#........
#...#p.'F.~~~~..
##..F.†#g~≈≈≈≈~~
##....#≈≈####≈≈
#########


You could see a vault guard, Prince Ribbit, an orc warrior, 2 bullfrogs and a
hobgoblin.

Vanquished Creatures
  Menkaure (D:4)
  3 humans (Bailey)
  2 water moccasins (D:6)
  An ogre (D:5)
  A kobold brigand (D:6)
  2 phantoms
  10 bullfrogs
  2 scorpions
  2 howler monkeys
  2 hounds (D:6)
  3 orc priests
  A jelly (D:7)
  2 sleepcaps
  An iguana (D:4)
  7 gnolls
  9 adders
  2 worms (D:3)
  2 dart slugs (D:3)
  9 orcs
  4 endoplasms
  5 giant cockroaches
  7 goblins
  8 hobgoblins
  6 jackals
  7 kobolds
  4 quokkas
  9 ball pythons
  11 bats
  3 frilled lizards
  6 rats
132 creatures vanquished.

Notes
Turn   | Place    | Note
-------+----------+-------------------------------------------
     0 | D:1      | RKaid the Draconian Wanderer began the quest for the Orb.
     0 | D:1      | RKaid set off with the following items: a +3 quarterstaff,
                  | a +0 hand axe, a potion of lignification {!q}.
     0 | D:1      | Reached XP level 1. HP: 22/22 MP: 1/1
   323 | D:1      | Found a faded altar of an unknown god.
   530 | D:1      | Reached XP level 2. HP: 28/28 MP: 2/2
   910 | D:1      | Prayed at the altar of an unknown god.
   910 | D:1      | Became a worshipper of Trog the Wrathful
   910 | D:1      | Reached * piety under Trog
   991 | D:2      | Found a basalt altar of Yredelemnul.
  1391 | D:2      | Reached skill level 5 in Fighting
  1391 | D:2      | Reached skill level 2 in Dodging
  1391 | D:2      | Reached XP level 3. HP: 27/36 MP: 3/3
  1895 | D:3      | Reached ** piety under Trog
  1983 | D:3      | Reached XP level 4. HP: 42/42 MP: 4/4
  2216 | D:3      | Reached skill level 3 in Dodging
  2428 | D:3      | Reached XP level 5. HP: 50/50 MP: 5/5
  2530 | D:3      | Reached skill level 6 in Fighting
  2746 | D:3      | HP: 12/50 [gnoll/+0 flail (8)]
  2945 | D:4      | Reached XP level 6. HP: 43/58 MP: 6/6
  2949 | D:4      | Found a sacrificial altar of Ru.
  3245 | D:4      | Reached skill level 4 in Dodging
  3614 | D:4      | Reached *** piety under Trog
  3758 | D:4      | Noticed Menkaure
  3770 | D:4      | Killed Menkaure
  3771 | D:4      | Reached skill level 7 in Fighting
  3771 | D:4      | Your scales start taking on a rich purple colour.
  3771 | D:4      | Reached XP level 7. HP: 29/66 MP: 7/7
  4201 | D:5      | Entered Level 5 of the Dungeon
  4594 | D:5      | Found a white marble altar of Elyvilon.
  4594 | D:5      | Found an ornate altar of the Wu Jian Council.
  4623 | D:5      | Reached skill level 5 in Dodging
  4827 | D:5      | Found a broken altar of Ashenzari.
  4848 | D:5      | Reached skill level 8 in Fighting
  5031 | D:6      | Found a staircase to the Ecumenical Temple.
  5034 | D:6      | Identified the +5 short sword of Qonejix {flame, rN+ MP+9}
  5071 | D:6      | Found an iron altar of Okawaru.
  5106 | D:6      | Reached skill level 6 in Dodging
  5106 | D:6      | Reached XP level 8. HP: 48/75 MP: 8/8
  5437 | D:6      | Reached skill level 9 in Fighting
  5946 | D:7      | Found a flagged portal.
  5960 | Bailey   | Entered a bailey
  5977 | Bailey   | Reached skill level 7 in Dodging
  6068 | Bailey   | Reached skill level 10 in Fighting
  6072 | Bailey   | Reached XP level 9. HP: 28/85 MP: 9/9
  6257 | Bailey   | Noticed Prince Ribbit
  6266 | Bailey   | Noticed a vault guard
  6272 | Bailey   | Reached skill level 8 in Dodging
  6295 | Bailey   | HP: 26/129 [orc warrior/+0 hand axe (8)]
  6299 | Bailey   | HP: 12/129 [vault guard/+0 broad axe (14)]
  6300 | Bailey   | Mangled by a vault guard

Illustrated notes

Levels and vault maps discovered:
D:1:      minmay_arrival_split_and_join, layout_basic,
          shapermc_ecumenical_altar_mp_highgroup
D:2:      layout_loops_corners, basic_altar
D:3:      minmay_diamond_boxcup, layout_rooms
D:4:      layout_loops_corners, nicolae_ru_great_annihilating_truth,
          supply_closet_lemuel, uniq_menkaure
D:5:      layout_loops_cross, lemuel_tele_altar, jmf_multi_god_temple
D:6:      layout_cave_pools, kennysheep_okawaru_gauntlet,
          minmay_temple_entry_sparse_star
D:7:      layout_cave_pods, serial_column_ruins, column_ruins_grid_3,
          column_ruins_corridor_straight, column_ruins_columns_water,
          column_ruins_columns_corner, column_ruins_columns_T, enter_bailey_2,
          minmay_stone_trees_small, minmay_misc_feat_hallway
Bailey:   bailey_axe_froggy_fort_hellmonk, bailey

Skill      XL: |  1  2  3  4  5  6  7  8  9 |
---------------+----------------------------+-----
Fighting       | 5 6 7 8 10 | 10.6
Dodging        | 2 3 4 6 7 8 |  8.1
Axes           | |  1.0
Staves         | |  2.0
Throwing       | |  1.0
Stealth        | |  1.0

Action                     |  1- 3 |  4- 6 |  7- 9 || total
---------------------------+-------+-------+-------++-------
  Melee: Quarterstaff      |    82 |   133 |   199 ||   414
         Tailslap          |     5 |    22 |    28 ||    55
 Invoke: Berserk           |       |     2 |     5 ||     7
         Trog's Hand       |       |       |     1 ||     1
    Use: Scroll            |       |     5 |     4 ||     9
         Potion            |       |       |     2 ||     2
   Stab: Sleeping          |     3 |     2 |       ||     5
         Paralysed         |       |     1 |       ||     1
 Armour: Skin              |    25 |    33 |    94 ||   152
  Dodge: Dodged            |    60 |    79 |   261 ||   400

Table legend: (Time is in decaauts)
 A = Elapsed time spent in this place.
 B = Non-inter-level travel time spent in this place.
 C = Inter-level travel time spent in this place.
 D = Time resting spent in this place.
 E = Time spent auto-exploring this place.
 F = Levels seen in this place.
 G = Mean time per level.
                   A        B        C        D        E       F      G
               +--------+--------+--------+--------+--------+-----+--------+
         Total |   6432 |   6101 |    331 |   1224 |   3513 |   8 |  804.0 |
       Dungeon |   6076 |   5745 |    331 |   1013 |   3513 |   7 |  868.0 |
        Bailey |    355 |    355 |      0 |    211 |      0 |   1 |  355.0 |
               +--------+--------+--------+--------+--------+-----+--------+

Top non-repeatable levels by time:
     D:4: 1361 daAuts
     D:3: 1033 daAuts
     D:1: 951 daAuts
     D:2: 920 daAuts
     D:6: 872 daAuts
     D:5: 841 daAuts
  Bailey: 355 daAuts
     D:7: 95 daAuts

Table legend:
 A = Kills in this place as a percentage of kills in the entire game.
 B = Kills by you in this place as a percentage of kills by you in the entire game.
 C = Kills by friends in this place as a percentage of kills by friends in the entire game.
 D = Other kills in this place as a percentage of other kills in the entire game.
 E = Experience gained in this place as a percentage of experience gained in the entire game.
 F = Experience gained in this place divided by the number of levels of this place that you have seen.
                   A       B       C       D       E      F
               +-------+-------+-------+-------+-------+----------------------
         Total | 100.0 | 100.0 |   N/A |   N/A | 100.0 | 427.8
       Dungeon |  89.4 |  89.4 |   N/A |   N/A |  60.7 | 296.9
        Bailey |  10.6 |  10.6 |   N/A |   N/A |  39.3 | 1344.0
               +-------+-------+-------+-------+-------+----------------------
